 Dungeon Crawl Stone Soup version 0.29.1 (webtiles) character file.

Game seed: 5494203134086101112

23783 Icepheonix32 the Fighter (level 12, -4/115 HPs)
             Began as a Minotaur Fighter on Sept 13, 2022.
             Was a High Priest of Okawaru.
             Splashed by a brown ugly thing's acid (5 damage)
             ... on level 13 of the Dungeon.
             The game lasted 00:25:19 (15999 turns).

Icepheonix32 the Fighter (Minotaur Fighter)        Turns: 15999, Time: 00:25:19

Health: -4/115     AC: -1    Str: 35    XL:     12   Next: 74%
Magic:  14/14      EV: 13    Int:  5    God:    Okawaru [*****.]
Gold:   1116       SH: 12    Dex: 12    Spells: 11/11 levels left

rFire   + + +      SeeInvis .   v - +2 flail (distort)
rCold   + + .      Faith    .   c - +1 buckler
rNeg    . . .      Spirit   .   b - +1 ring mail of the Desolation of Salt {Drain rF+ Str+9 Dex+2}
rPois   .          Reflect  +   (helmet restricted)
rElec   .          Harm     .   u - scarf {rC+ rF+}
rCorr   .          Rampage  .   (no gloves)
Will    .....      Clarity  +   O - +0 pair of boots
Stlth   +.........              H - amulet of reflection
HPRegen 0.29/turn               g - ring of protection from cold
MPRegen 0.14/turn               J - ring of protection from fire

@: about to teleport, corroded, studying Poison Magic
A: horns 2, retaliatory headbutt, clarity, wild magic 1, inability to drink
after injury 1
a: Renounce Religion, Heroism, Finesse, Duel


You were on level 13 of the Dungeon.
You worshipped Okawaru.
Okawaru was extremely pleased with you.
You visited 2 branches of the dungeon, and saw 14 of its levels.
You also visited: Sewer.

You collected 1116 gold pieces.

Inventory:

Hand Weapons
 a - a +0 war axe
 f - a +2 dagger of venom
 v - a +2 flail of distortion (weapon)
 z - a +4 scimitar of flaming
 S - a +0 vampiric war axe
Missiles
 t - 4 javelins (quivered)
 w - 3 throwing nets
 A - 14 poisoned darts
Armour
 b - the +1 ring mail of the Desolation of Salt (worn) {Drain rF+ Str+9 Dex+2}
   (Okawaru gifted it to you on level 11 of the Dungeon)

   Str:       It affects your strength (+9).
   Dex:       It affects your dexterity (+2).
   rF:        It protects you from fire.
   Drain:     It drains your maximum health when unequipped.
 c - a +1 buckler (worn)
 i - +0 acid dragon scales
 u - a scarf of resistance (worn)
 B - a +1 chain mail of fire resistance
 D - +3 swamp dragon scales
 E - a +3 ring mail of cold resistance
 O - a +0 pair of boots (worn)
Magical Staves
 m - a staff of conjuration
Jewellery
 g - a ring of protection from cold (left hand)
 y - an amulet of the acrobat
 C - an amulet of regeneration
 H - an amulet of reflection (around neck)
 J - a ring of protection from fire (right hand)
 R - a ring of flight
Wands
 n - a wand of iceblast (7)
 s - a wand of digging (6)
 N - a wand of mindburst (5)
 Q - a wand of flame (24)
Scrolls
 e - 3 scrolls of teleportation
 h - 2 scrolls of enchant armour
 k - a scroll of poison
 o - a scroll of fear
 p - 3 scrolls of blinking
 F - 2 scrolls of immolation
 I - 2 scrolls of fog
 L - 3 scrolls of identify
 P - a scroll of amnesia
Potions
 d - 2 potions of heal wounds
 j - 4 potions of magic
 l - 3 potions of curing
 q - 3 potions of brilliance
 r - 3 potions of haste
 G - 2 potions of might
 K - a potion of flight
 M - a potion of invisibility


   Skills:
 * Level 13.6 Fighting
 + Level 5.0(9.7) Axes
 + Level 12.8(13.2) Maces & Flails
 + Level 1.1 Throwing
 + Level 12.4 Armour
 + Level 6.6 Dodging
 + Level 2.9 Stealth
 + Level 8.7 Shields
 * Level 5.1 Invocations


You had 11 spell levels left.
You didn't know any spells.
Your spell library contained the following spells:

 Spells                   Type           Power      Damage    Failure   Level
 Ozocubu's Armour         Ice            0%         N/A       96%         3
 Corpse Rot               Necr/Pois/Air  0%         N/A       100%        4
 Dispel Undead            Necr           0%         3d6       100%        4
 Passage of Golubria      Tloc           0%         N/A       100%        4
 Blade Hands              Tmut           0%         N/A       100%        5
 Irradiate                Conj/Tmut      0%         3d11      100%        5
 Silence                  Hex/Air        0%         N/A       100%        5
 Yara's Violent Unravell  Hex/Tmut       0%         3d3       100%        5
 Dragon Form              Tmut           0%         N/A       100%        7
 Ozocubu's Refrigeration  Ice            0%         4d7       100%        7
 Lehudib's Crystal Spear  Conj/Erth      0%         10d2      100%        8
 Tukima's Dance           Hex            Unusable   N/A       N/A         3
 Death Channel            Necr           Unusable   N/A       N/A         6

Dungeon Overview and Level Annotations

Branches:
Dungeon (13/15)            Temple (1/1) D:5            Lair (0/5) D:8
    Orc (0/2) D:11          Sewer (visited)
 Vaults: D:13-14

Altars:
Ashenzari
Cheibriados
Dithmenos
Elyvilon
Fedhas
Gozag
Hepliaklqana
Kikubaaqudgha
Makhleb
Nemelex Xobeh
Okawaru
Qazlal
Ru
Sif Muna
Trog
Uskayaw
Vehumet
Wu Jian
Xom
Yredelemnul
Zin
The Shining One

Annotations:
D:12 3 runed translucent doors, RascalDebosk's ghost, journeyman MiBe
D:13 3 runed translucent doors, Xuta's ghost, journeyman FoFi
Abyss:1 Grum, Joseph


Innate Abilities, Weirdness & Mutations

You have a pair of horns on your head.
You reflexively headbutt those who attack you in melee.
You possess an exceptional clarity of mind.
Your spells are a little harder to cast, but a little more powerful.
You occasionally lose the ability to drink potions when taking damage.


Message History

The brown ugly thing is heavily wounded.
The brown ugly thing gores you. The acid corrodes you!
You are splashed with acid!
* * * LOW HITPOINT WARNING * * *
You hit the brown ugly thing but do no damage.
The brown ugly thing is moderately wounded.
The brown ugly thing blinks!
Unknown command.
You see here 11 gold pieces.
You are confused.
You feel invigorated.
You bump into the rock wall.
The brown ugly thing gores you!
* * * LOW HITPOINT WARNING * * *
The acid corrodes you!
You are splashed with acid!
* * * LOW HITPOINT WARNING * * *
You bump into the rock wall.
The brown ugly thing gores you.
* * * LOW HITPOINT WARNING * * *
The acid corrodes you!
You are splashed with acid!
* * * LOW HITPOINT WARNING * * *
You're too confused to move!
The brown ugly thing gores you!
* * * LOW HITPOINT WARNING * * *
You are splashed with acid.
* * * LOW HITPOINT WARNING * * *
You are too confused!
Unknown command.
You bump into the rock wall.
The brown ugly thing closely misses you.
Unknown command.
You feel less invigorated.
You feel less confused.
As you read the scroll of teleportation, it crumbles to dust.
You feel strangely unstable. The brown ugly thing gores you.
* * * LOW HITPOINT WARNING * * *
You are splashed with acid!
* * * LOW HITPOINT WARNING * * *
The brown ugly thing attacks as you move away!
The brown ugly thing gores you!
* * * LOW HITPOINT WARNING * * *
You are splashed with acid.
You die...

#..# #..# ...#
#..# #..# #..# .#
#..# ####..# ...#
..# ......# #...
..# ......# #..#
#.# ## ###...#
#..# #.####..♣
#...###..#
#@....♣~♣~~~~≈~PP~
#........#
#u...~~~~~~~≈≈~~~~
#........#
#...♣~P~P~P~~~~P~~
#........#
#.###♣~P~~~~~~~♣~~
#........# #.#
#.♣♣~~~.~~~...
#........# #.#
#.............
#........# #$#
#.............
#........# #.#
#......~~..~~~
#........# #.#
#...##♣~~~P~~~


You could see a brown ugly thing.

Vanquished Creatures
  Jorgrun (D:13)
  Josephine (D:11)
  A hydra (D:12)
  A boulder beetle (D:13)
  A catoblepas (D:13)
  A two-headed ogre (D:11)
  A centaur warrior (D:11)
  Erica (D:10)
  Amaemon (D:10)
  Lodul (D:11)
  A deep elf pyromancer (D:13)
  An ugly thing (D:12)
  A cyclops (D:12)
  An orange demon (D:10)
  A cane toad (shapeshifter) (D:13)
  2 kobold demonologists (D:12)
  A gargoyle (D:11)
  Maggie (D:7)
  2 unseen horrors
  A komodo dragon (D:10)
  A troll (D:12)
  4 slime creatures
  A hornet (D:5)
  2 shadows
  A wyvern (D:9)
  A water elemental (D:13)
  5 wraiths
  Eustachio (D:4)
  12 yaks
  4 steam dragons
  6 vampire mosquitoes
  Menkaure (D:4)
  2 wargs (D:8)
  An acid dragon (D:11)
  2 water moccasins
  3 orc warriors
  Pargi (Sewer)
  2 sky beasts (D:7)
  An ice beast (D:7)
  8 ogres (D:11)
  4 wolves (D:10)
  A phantom (D:4)
  4 centaurs
  2 kobold brigands
  A necrophage (D:7)
  3 scorpions
  3 bullfrogs
  26 killer bees
  4 howler monkeys
  4 jellies
  6 orc priests
  4 hounds
  8 orc wizards
  3 iguanas
  11 gnolls
  10 adders
  A white imp (D:7)
  2 worms (D:3)
  A dart slug (D:3)
  40 orcs
  7 bats
  9 endoplasms
  4 giant cockroaches (D:2)
  12 goblins
  5 hobgoblins
  A jackal (Sewer)
  3 quokkas
  8 ball pythons
  2 frilled lizards
  9 kobolds
  5 rats
  A spectral orc (D:11)
285 creatures vanquished.

Vanquished Creatures (others)
  An orc wizard (D:10)
  5 demonic plants (D:3)
  10 fungi (D:3)
  7 plants
  2 withered plants (D:3)
25 creatures vanquished.

Grand Total: 310 creatures vanquished

Notes
Turn   | Place    | Note
-------+----------+-------------------------------------------
     0 | D:1      | Icepheonix32 the Minotaur Fighter began the quest for the
                  | Orb.
     0 | D:1      | Reached XP level 1. HP: 19/19 MP: 0/0
   200 | D:1      | Reached XP level 2. HP: 26/27 MP: 1/1
   678 | D:1      | You fall into a shaft and drop 1 floor!
   758 | D:2      | Reached XP level 3. HP: 26/33 MP: 2/2
  1246 | D:1      | Reached skill level 4 in Fighting
  1870 | D:2      | Reached XP level 4. HP: 40/40 MP: 3/3
  1989 | D:3      | Found a glowing drain.
  2020 | Sewer    | Entered a sewer
  2079 | Sewer    | Noticed Pargi
  2089 | Sewer    | Killed Pargi
  2090 | Sewer    | Reached skill level 5 in Armour
  2090 | Sewer    | Reached XP level 5. HP: 31/47 MP: 4/4
  2745 | D:3      | Reached skill level 1 in Dodging
  2747 | D:3      | Found a faded altar of an unknown god.
  3203 | D:3      | Reached XP level 6. HP: 53/53 MP: 5/5
  3699 | D:4      | Identified the +0 robe "Degogef" {Drain Int+5}
  3754 | D:4      | Noticed Menkaure
  3766 | D:4      | Killed Menkaure
  3767 | D:4      | Reached skill level 5 in Fighting
  4094 | D:4      | Reached skill level 5 in Axes
  4094 | D:4      | Reached XP level 7. HP: 61/61 MP: 6/6
  4270 | D:4      | Noticed Eustachio
  4280 | D:4      | Killed Eustachio
  4281 | D:4      | Reached skill level 1 in Maces & Flails
  4687 | D:4      | Found an opulent altar of Gozag.
  4996 | D:5      | Entered Level 5 of the Dungeon
  5083 | D:5      | Noticed a hornet
  5096 | D:5      | Paralysed by a hornet for 1 turns
  5098 | D:5      | Killed a hornet
  5099 | D:5      | Reached XP level 8. HP: 10/70 MP: 7/7
  5512 | D:5      | Reached skill level 6 in Fighting
  5708 | D:5      | Reached skill level 5 in Shields
  5780 | D:5      | Found a staircase to the Ecumenical Temple.
  5800 | Temple   | Entered the Ecumenical Temple
  6009 | Temple   | Became a worshipper of Warmaster Okawaru
  6337 | D:6      | Reached skill level 5 in Maces & Flails
  6479 | D:6      | Reached skill level 1 in Stealth
  7122 | D:7      | Reached skill level 7 in Fighting
  7214 | D:7      | Reached XP level 9. HP: 79/79 MP: 8/8
  7220 | D:7      | Reached * piety under Okawaru
  7598 | D:7      | Noticed Joseph
  7616 | D:7      | Banished Joseph
  7617 | D:7      | Reached skill level 8 in Fighting
  7617 | D:7      | Reached skill level 10 in Armour
  7858 | D:7      | Noticed Maggie
  7894 | D:7      | Killed Maggie
  7894 | D:7      | Reached ** piety under Okawaru
  8554 | D:8      | Found a staircase to the Lair.
  8564 | D:8      | Reached XP level 10. HP: 66/90 MP: 9/9
  9287 | D:9      | Reached skill level 9 in Fighting
  9294 | D:9      | Reached *** piety under Okawaru
 10466 | D:9      | Gained mutation: Your spells are a little harder to cast,
                  | but a little more powerful. [potion of mutation]
 10466 | D:9      | Gained mutation: You possess an exceptional clarity of
                  | mind. [potion of mutation]
 10466 | D:9      | Gained mutation: You occasionally lose the ability to drink
                  | potions when taking damage. [potion of mutation]
 10484 | D:10     | Entered Level 10 of the Dungeon
 10491 | D:10     | Noticed Amaemon
 10492 | D:10     | Noticed an orange demon
 10501 | D:10     | Killed Amaemon
 10501 | D:10     | Reached **** piety under Okawaru
 10502 | D:10     | Reached skill level 10 in Fighting
 10502 | D:10     | Reached skill level 10 in Maces & Flails
 10506 | D:10     | Killed an orange demon
 10507 | D:10     | Reached skill level 1 in Throwing
 10670 | D:10     | Noticed Grum
 10677 | D:10     | Banished Grum
 10716 | D:10     | Noticed Erica
 10722 | D:10     | Killed Erica
 10723 | D:10     | Reached XP level 11. HP: 101/101 MP: 10/10
 10826 | D:10     | Received a gift from Okawaru
 11462 | D:11     | Reached skill level 11 in Fighting
 11468 | D:11     | Noticed Josephine
 11471 | D:11     | Reached skill level 1 in Invocations
 11473 | D:11     | Reached ***** piety under Okawaru
 11502 | D:11     | Killed Josephine
 11503 | D:11     | Reached skill level 5 in Dodging
 11743 | D:11     | Noticed Lodul
 11779 | D:11     | Noticed a purple ugly thing
 11780 | D:11     | Killed Lodul
 12122 | D:11     | Banished a purple ugly thing
 12330 | D:11     | Reached skill level 12 in Fighting
 12387 | D:11     | Found a staircase to the Orcish Mines.
 12539 | D:11     | Noticed a centaur warrior
 12550 | D:11     | Killed a centaur warrior
 12550 | D:11     | Identified the +1 ring mail of the Desolation of Salt
                  | {Drain rF+ Str+9 Dex+2} (Okawaru gifted it to you on level
                  | 11 of the Dungeon)
 12550 | D:11     | Received a gift from Okawaru
 12560 | D:11     | HP: 5/104 [something (2)]
 12836 | D:11     | Noticed a two-headed ogre
 12844 | D:11     | Killed a two-headed ogre
 13115 | D:11     | Found a basalt altar of Yredelemnul.
 13348 | D:12     | Reached XP level 12. HP: 112/112 MP: 13/13
 13448 | D:12     | Noticed a six-headed hydra
 13462 | D:12     | Killed a six-headed hydra
 13944 | D:12     | Identified the +2 helmet of Weynuec {rC+}
 14783 | D:12     | Found a runed translucent gate.
 14784 | D:12     | Found a runed translucent gate.
 14785 | D:12     | Found a runed translucent gate.
 14787 | D:12     | Noticed RascalDebosk's ghost (journeyman MiBe)
 14788 | D:12     | Noticed an 11-headed hydra
 14788 | D:12     | Noticed an 11-headed hydra
 15192 | D:13     | Noticed Jorgrun
 15196 | D:13     | Found a glowing golden altar of the Shining One.
 15210 | D:13     | HP: 5/113 [Jorgrun/staff of earth (7)]
 15212 | D:13     | Killed Jorgrun
 15213 | D:13     | Reached skill level 13 in Fighting
 15629 | D:13     | Noticed a catoblepas
 15643 | D:13     | Noticed a boulder beetle
 15668 | D:13     | Noticed a boulder beetle
 15672 | D:13     | Killed a catoblepas
 15686 | D:13     | Killed a boulder beetle
 15687 | D:13     | Reached skill level 5 in Invocations
 15913 | D:13     | Found a runed translucent gate.
 15913 | D:13     | Found a runed translucent gate.
 15914 | D:13     | Found a runed translucent gate.
 15914 | D:13     | Noticed Xuta's ghost (journeyman FoFi)
 15931 | D:13     | Noticed a two-headed ogre
 15999 | D:13     | HP: 1/115 [brown ugly thing (10)]
 15999 | D:13     | Splashed by a brown ugly thing's acid

Illustrated notes

Levels and vault maps discovered:
D:1:      lightli_arrival_maybe_door_vault, layout_basic, minmay_pentomino_p4
D:2:      layout_loops_cross, serial_rivers, chequers_serial_rivers_large_b,
          chequers_serial_rivers_micro_e, chequers_serial_rivers_micro_b,
          chequers_serial_rivers_micro_a, chequers_serial_rivers_small_b
D:3:      layout_basic, cheibrodos_sewer_entry_bend,
          shapermc_ecumenical_altar_gd, cheibrodos_gnoll_hut
D:4:      layout_layer_cave, nicolae_gozag_cash_rules_everything_around_me,
          serial_glass, glass_columns_b, glass_columns_a, glass_columns_c,
          glass_columns_a, glass_columns_b, glass_columns_a, glass_columns_b,
          glass_columns_a, glass_columns_a, glass_columns_a, uniq_menkaure,
          uniq_eustachio
D:5:      layout_cave_pools, minmay_temple_entry_antechambers
D:6:      layout_cave_pods
D:7:      layout_gridville, minmay_hedge_maze, minmay_misc_feat_tiny,
          uniq_maggie, uniq_joseph
D:8:      layout_cave_pools, erik_lair_orcish_takeover
D:9:      layout_roguey
D:10:     layout_basic, uniq_amaemon, uniq_grum, uniq_erica
D:11:     layout_loops_cross, david_orc_3, yredelemnul_forgotten_temple_becter,
          uniq_lodul, uniq_josephine
D:12:     layout_roguey, gammafunk_ghost_hydra_chop
D:13:     minmay_five_octagons, layout_long_grid, gammafunk_ghost_spectres,
          serial_bayou_ford_a, nicolae_tso_carved_into_rock, uniq_sonja,
          uniq_jorgrun
Temple:   mainiacjoe_temple_starburst

Skill      XL: |  1  2  3  4  5  6  7  8  9 10 11 12 |
---------------+-------------------------------------+-----
Shields        | 4 5 6 7 8 |  8.7
Armour         | 4 5 6 8 9 10 11 12 | 12.4
Axes           | 3 4 5 |  5.0
Fighting       | 4 5 7 8 10 12 13 | 13.6
Dodging        | 1 2 3 4 5 6 |  6.6
Maces & Flails | 3 6 8 10 12 | 12.8
Stealth        | 1 2 |  2.9
Throwing       | 1 |  1.1
Invocations    | 3 5 |  5.1

Action                   |  1- 3 |  4- 6 |  7- 9 | 10-12 || total
-------------------------+-------+-------+-------+-------++-------
Melee: War axe           |    77 |    79 |       |       ||   156
       Headbutt          |    10 |    18 |    32 |    78 ||   138
       Flail             |       |     3 |   232 |   447 ||   682
Throw: Javelin           |       |       |     4 |     4 ||     8
Invok: Heroism           |       |       |     2 |     7 ||     9
       Finesse           |       |       |       |     1 ||     1
  Use: Scroll            |       |     5 |     8 |     6 ||    19
       Potion            |       |     3 |     6 |     8 ||    17
 Stab: Petrified         |       |       |       |     8 ||     8
       Petrifying        |       |       |       |     1 ||     1
Armor: Scale mail        |    47 |    38 |    16 |       ||   101
       Skin              |       |       |     3 |       ||     3
       Chain mail        |       |       |    82 |       ||    82
       Swamp dragon scal |       |       |     6 |   130 ||   136
       Ring mail         |       |       |       |    57 ||    57
Dodge: Dodged            |    52 |    51 |   142 |   183 ||   428
Block: Buckler           |    20 |    24 |    79 |   184 ||   307
       Reflection        |       |       |       |    10 ||    10
